 Dungeon Crawl Stone Soup version 0.25-a0-44-g29a1220a87 (webtiles) character file.

Game seed: 7949523520037777413, levelgen mode: deterministic

298 Alarkh the Slasher (level 6, 0/47 HPs)
             Began as a Demonspawn Fighter on Oct 24, 2019.
             Killed from afar by an orc wizard (7 damage)
             ... with a magic dart
             ... on level 4 of the Dungeon.
             The game lasted 00:04:34 (2532 turns).

Alarkh the Slasher (Demonspawn Fighter)             Turns: 2532, Time: 00:04:34

Health: 0/47       AC: 16    Str: 21    XL:     6   Next: 13%
Magic:  0/6        EV:  7    Int: 11    God:
Gold:   143        SH:  9    Dex: 13    Spells: 5/5 levels left

rFire    . . .     SeeInvis .   a - +0 long sword
rCold    . . .     Gourm    .   c - +0 shield
rNeg     . . .     Faith    .   b - +0 scale mail
rPois    .         Spirit   +   k - +0 helmet
rElec    .         Reflect  .   (no cloak)
rCorr    .         Harm     .   (no gloves)
MR       .....                  (no boots)
Stlth    ..........             (no amulet)
HPRegen  0.15/turn              (no ring)
MPRegen  0.10/turn              (no ring)

@: mighty, sanguine armour
A: powered by death 1, magic shield, sanguine armour 2
a: no special abilities


You were on level 4 of the Dungeon.
You were not hungry.

You visited 1 branch of the dungeon, and saw 3 of its levels.
You also visited: Ossuary.

You collected 143 gold pieces.

Inventory:

Hand Weapons
 a - a +0 long sword (weapon)
Armour
 b - a +0 scale mail (worn)
 c - a +0 shield (worn)
 k - a +0 helmet (worn)
Scrolls
 e - a scroll of magic mapping {unknown}
 g - a scroll of enchant armour {unknown}
 i - 2 scrolls of blinking {unknown}
 l - a scroll of remove curse
 m - 6 scrolls of identify
 p - a scroll of holy word {unknown}
 q - a scroll of immolation {unknown}
Potions
 h - 2 potions of curing
 j - a potion of mutation
 n - a potion of degeneration
 o - 3 potions of ambrosia {unknown}
 r - a potion of brilliance {unknown}
Comestibles
 f - a ration


   Skills:
 - Level 3.0 Fighting
 + Level 5.9 Long Blades
 - Level 2.6 Armour
 - Level 2.6 Shields


You had 5 spell levels left.
You didn't know any spells.
Your spell library was empty.

Dungeon Overview and Level Annotations

Branches:
Dungeon (4/15)            Ossuary (visited)
 Temple: D:4-7

Altars:


Innate Abilities, Weirdness & Mutations

You regenerate a little health from kills.
When hurt, damage is shared between your health and your magic reserves.
When seriously injured, your bleeding wounds create thick armour. (AC +9)


Message History

Your scale mail prevents you from hitting the human zombie.
The human zombie is moderately damaged.
You slash the orc!
You kill the orc!
The orc wizard hits you with a +0 dagger.
* * * LOW HITPOINT WARNING * * *
The human zombie hits you but does no damage.
The orc wizard gestures wildly while chanting.
The orc wizard blinks!
Your shield and scale mail prevent you from hitting the human zombie.
The human zombie is moderately damaged.
The human zombie hits you but does no damage.
You closely miss the human zombie.
The human zombie is moderately damaged.
The human zombie hits you but does no damage.
You slash the human zombie!
The human zombie is heavily damaged.
The orc wizard gestures at you while chanting.
The magic dart hits you!
You die...

##########.....#########
#.......................
#............###########
#............#
#..o.........#
#............#
#............#
#..!...)[....#
#......@Z....#
#............#
.............#
###########+##


You could see an orc wizard and a human zombie.

Vanquished Creatures
  A hound (D:4)
  An orc priest (D:4)
  A centaur skeleton (D:4)
  Terence (D:2)
  A worker ant (D:4)
  A hound skeleton (D:4)
  4 mummies (Ossuary)
  Robin (D:4)
  An adder (D:4)
  A worm (D:4)
  A dart slug (D:1)
  2 orcs (D:4)
  3 giant cockroaches
  4 gnoll zombies (Ossuary)
  7 goblins
  9 hobgoblins
  A bat (D:1)
  2 frilled lizards
  3 gnoll skeletons (Ossuary)
  3 goblin skeletons (Ossuary)
  4 goblin zombies (Ossuary)
  8 hobgoblin skeletons (Ossuary)
  2 hobgoblin zombies (Ossuary)
  A jackal zombie (D:4)
  3 kobolds
  5 kobold skeletons (Ossuary)
  7 kobold zombies (Ossuary)
  3 orc skeletons (Ossuary)
  3 orc zombies (Ossuary)
  2 rats
  3 rat skeletons (Ossuary)
  5 rat zombies (Ossuary)
94 creatures vanquished.

Notes
Turn   | Place    | Note
-------+----------+-------------------------------------------
     0 | D:1      | Alarkh the Demonspawn Fighter began the quest for the Orb.
     0 | D:1      | Reached XP level 1. HP: 18/18 MP: 1/1
    26 | D:1      | Reached skill level 2 in Long Blades
   406 | D:1      | Gained mutation: You regenerate a little health from kills.
                  | [demonic ancestry]
   406 | D:1      | Reached XP level 2. HP: 24/24 MP: 2/2
   741 | D:2      | Noticed Terence
   752 | D:2      | Killed Terence
   752 | D:2      | Reached skill level 3 in Long Blades
   752 | D:2      | Reached XP level 3. HP: 6/29 MP: 3/3
  1133 | D:2      | You fall into a shaft and drop 2 floors!
  1179 | D:4      | Reached skill level 4 in Long Blades
  1179 | D:4      | Gained mutation: When seriously injured, your bleeding
                  | wounds create armour. (AC +9) [demonic ancestry]
  1179 | D:4      | Reached XP level 4. HP: 5/35 MP: 4/4
  1186 | D:4      | HP: 1/35 [worm (7)]
  1496 | D:4      | Gained mutation: When seriously injured, your bleeding
                  | wounds create thick armour. (AC +9) [demonic ancestry]
  1496 | D:4      | Reached XP level 5. HP: 33/41 MP: 5/5
  1504 | D:4      | Noticed Robin
  1517 | D:4      | Reached skill level 5 in Long Blades
  1523 | D:4      | Killed Robin
  1665 | D:4      | Found a sand-covered staircase.
  1677 | Ossuary  | Entered an ossuary
  2492 | Ossuary  | Gained mutation: When hurt, damage is shared between your
                  | health and your magic reserves. [demonic ancestry]
  2492 | Ossuary  | Reached XP level 6. HP: 41/47 MP: 6/6
  2532 | D:4      | Killed from afar by an orc wizard

Levels and vault maps discovered:
D:1:      minmay_arrival_solitary_statue, layout_basic
D:2:      layout_rooms, hangedman_feature_mirror,
          chequers_serial_rivers_micro_e, uniq_terence
D:4:      minmay_razor_zed, layout_basic, elyvilon_altar_4, enter_ossuary_3,
          portal_sewer_entry_d, kennysheep_diamond, kennysheep_generic_room_7,
          uniq_blork_the_orc, uniq_robin, uniq_duvessa, uniq_menkaure

Skill      XL: |  1  2  3  4  5 |
---------------+----------------+-----
Long Blades    | 2 3 4 5 |  5.9
Fighting       | |  3.0
Armour         | |  2.6
Shields        | |  2.6

Action                   |  1- 3 |  4- 6 || total
-------------------------+-------+-------++-------
Melee: Long sword        |    93 |   242 ||   335
  Use: Potion            |     3 |     3 ||     6
       Scroll            |     4 |       ||     4
  Eat: Chunk             |     1 |     2 ||     3
       Ration            |       |     1 ||     1
Armor: Scale mail        |    34 |   101 ||   135
       Skin              |     3 |       ||     3
Dodge: Dodged            |    26 |    41 ||    67
Block: Shield            |    58 |    91 ||   149
       Rpst.: Long sword |     5 |    10 ||    15

Table legend:
 A = Non-vault XP
 B = Vault XP
 C = Vault XP percentage of total XP
 D = Non-vault monster count
 E = Vault monster count
 F = Vault count percentage of total count
                 A         B        C        D         E       F
            +---------+---------+-------+---------+---------+-------
      Total |     124 |     303 |  71.0 |      22 |      71 |  76.3
            +---------+---------+-------+---------+---------+-------
        D:1 |      20 |       0 |   0.0 |      11 |       0 |   0.0
        D:2 |      12 |      36 |  75.0 |       7 |       1 |  12.5
        D:4 |      92 |     146 |  61.3 |       4 |      17 |  81.0
    Ossuary |       0 |     121 | 100.0 |       0 |      53 | 100.0
            +---------+---------+-------+---------+---------+-------
